 Dungeon Crawl Stone Soup version 0.29-a0-821-g66395355a5 (webtiles) character file.

Game seed: 3745355512819279607

5393 quixfox the Cleaver (level 10, -16/91 HPs)
             Began as a Hill Orc Fighter on July 8, 2022.
             Was a Priest of Okawaru.
             Killed by vampiric draining
             ... invoked by a vampire
              (19 damage)
             ... on level 10 of the Dungeon.
             The game lasted 00:31:27 (8704 turns).

quixfox the Cleaver (Hill Orc Fighter)              Turns: 8704, Time: 00:31:29

Health: -16/91     AC: 22    Str: 24    XL:     10   Next: 66%
Magic:  12/12      EV:  7    Int:  8    God:    Okawaru [***...]
Gold:   240        SH: 10    Dex: 10    Spells: 9/9 levels left

rFire   . . .      SeeInvis +   a - +1 war axe (venom)
rCold   . . .      Faith    .   c - +0 buckler
rNeg    . . .      Spirit   .   n - +0 plate armour
rPois   .          Reflect  +   q - +1 helmet
rElec   .          Harm     .   (no cloak)
rCorr   .          Rampage  .   M - +2 pair of gloves {hurl}
Will    +....                   m - +1 pair of boots
Stlth   ..........              w - amulet of reflection
HPRegen 0.25/turn               P - ring of see invisible
MPRegen 0.13/turn               K - ring of willpower

@: slowed, very slow
A: no striking features
a: Renounce Religion, Heroism


You were on level 10 of the Dungeon.
You worshipped Okawaru.
Okawaru was most pleased with you.
You visited 2 branches of the dungeon, and saw 11 of its levels.
You also visited: Ossuary.

You collected 547 gold pieces.
You spent 307 gold pieces at shops.

Inventory:

Hand Weapons
 a - a +1 war axe of venom (weapon)
 b - a +0 sling of freezing
 A - a +7 battleaxe
Missiles
 h - 10 javelins
 z - 2 silver javelins (quivered)
 N - a throwing net
Armour
 c - a +0 buckler (worn)
 m - a +1 pair of boots (worn)
 n - a +0 plate armour (worn)
 q - a +1 helmet (worn)
 M - a +2 pair of gloves of hurling (worn)
Jewellery
 j - a ring of protection from cold
 l - an amulet of regeneration
 v - a ring of ice
 w - an amulet of reflection (around neck)
 B - a ring of protection from cold
 H - an amulet of guardian spirit
 K - a ring of willpower (right hand)
 P - a ring of see invisible (left hand)
Wands
 x - a wand of polymorph (29)
 y - a wand of light (6)
Scrolls
 f - 4 scrolls of poison
 r - 3 scrolls of teleportation
 s - 2 scrolls of amnesia
 E - 2 scrolls of blinking
 G - 2 scrolls of identify
 L - 2 scrolls of enchant armour
Potions
 d - 3 potions of might
 e - a potion of berserk rage
 g - 2 potions of invisibility
 i - 2 potions of flight
 k - 2 potions of heal wounds
 o - 2 potions of lignification
 p - 3 potions of curing
 t - 2 potions of resistance
 u - 2 potions of magic
 D - a potion of haste {unknown}
 F - 2 potions of brilliance {unknown}
 I - a potion of ambrosia {unknown}
 J - a potion of attraction {unknown}
 O - a potion of mutation {unknown}


   Skills:
 + Level 9.5 Fighting
 * Level 13.6 Axes
 + Level 8.7 Armour
 - Level 6.0 Shields
 + Level 3.0 Invocations


You had 9 spell levels left.
You didn't know any spells.
Your spell library contained the following spells:

 Spells                   Type           Power      Damage    Failure   Level
 Foxfire                  Conj/Fire      0%         2x1d4     100%        1
 Sting                    Tmut/Pois      0%         1d3       100%        1
 Poisonous Vapours        Pois/Air       0%         N/A       100%        2
 Conjure Flame            Conj/Fire      0%         6-21      100%        3
 Ignite Poison            Fire/Tmut/Pois 0%         N/A       100%        3
 Inner Flame              Hex/Fire       0%         N/A       100%        3
 Mephitic Cloud           Conj/Pois/Air  0%         N/A       100%        3
 Flame Wave               Conj/Fire      0%         2d4       100%        4
 Leda's Liquefaction      Hex/Erth       0%         N/A       100%        4
 Olgreb's Toxic Radiance  Pois           0%         N/A       100%        4
 Freezing Cloud           Conj/Ice/Air   0%         6-21      100%        5
 Lee's Rapid Deconstruct  Erth           0%         3d5*      100%        5
 Statue Form              Tmut/Erth      0%         N/A       100%        6


Dungeon Overview and Level Annotations

Branches:
Dungeon (10/15)            Temple (1/1) D:7         Ossuary (visited)
   Lair: D:8-11         Orc: D:9-12

Altars:
Ashenzari
Cheibriados
Elyvilon
Fedhas
Gozag
Hepliaklqana
Kikubaaqudgha
Makhleb
Okawaru
Qazlal
Ru
Sif Muna
Trog
Uskayaw
Vehumet
Wu Jian
Xom
Yredelemnul
Zin

Shops:
D:8 :(?*


Message History

The vampire bites you but does no damage.
You closely miss the vampire.
The vampire is heavily damaged.
The vampire hits you but does no damage.
You block the vampire's attack.
You slash the vampire!
The vampire is almost destroyed.
You hear the faint creaking of a very distant portcullis.
The vampire draws life force from you!
* * * LOW HITPOINT WARNING * * *
The vampire is healed by the life force!
The vampire draws life force from you!
* * * LOW HITPOINT WARNING * * *
The vampire is healed by the life force!
You feel much better. You block the vampire's attack. x2
You slash the vampire!
The vampire is severely damaged.
The vampire draws life force from you!
* * * LOW HITPOINT WARNING * * *
The vampire is healed by the life force!
You block the vampire's attack. The vampire bites you.
* * * LOW HITPOINT WARNING * * *
The vampire draws strength from your injuries!
You slash the vampire!
The vampire is almost destroyed.
You block the vampire's attack. The vampire bites you.
* * * LOW HITPOINT WARNING * * *
The vampire draws strength from your injuries!
You barely miss the vampire.
The vampire is almost destroyed.
The vampire hits you.
* * * LOW HITPOINT WARNING * * *
You block the vampire's attack.
You barely miss the vampire.
The vampire is almost destroyed.
The vampire draws life force from you!
* * * LOW HITPOINT WARNING * * *
The vampire is healed by the life force!
The vampire draws life force from you!!
You die...

#..# #..# #..# #..# #..# #..#
#..# #..# #..# #..# #..# #..#
#..# #..# . #..# #..# #..# ..
#..# #..# #.(# ... #..# #..#
#.@# .... ##..# #..#
#V.#######.....
....###..######.......W......
......................V......
#############################


You could see a vampire (invisible).

Vanquished Creatures
  2 hornets
  A wyvern (D:9)
  2 wraiths
  3 steam dragons
  Grum (D:8)
  2 water moccasins
  Duvessa (D:4)
  An orc warrior (D:5)
  3 black bears
  4 wolves (D:8)
  2 centaurs
  2 kobold brigands
  3 bullfrogs
  A gnoll sergeant (D:9)
  A necrophage (D:5)
  10 scorpions
  9 wights (D:7)
  Dowan (D:4)
  3 howler monkeys
  A centaur zombie (Ossuary)
  4 hounds
  2 jellies
  6 orc priests
  3 human zombies (Ossuary)
  3 iguanas
  5 orc wizards
  6 scorpion zombies (Ossuary)
  3 mummies (Ossuary)
  14 gnolls
  7 adders
  2 shadow imps (D:7)
  2 ufetubi (D:4)
  2 worms
  2 dart slugs
  23 orcs
  8 ball pythons
  5 bats
  6 endoplasms
  A giant cockroach (D:4)
  3 gnoll zombies (Ossuary)
  5 goblins
  8 hobgoblins
  4 jackals (D:1)
  6 quokkas
  5 frilled lizards
  3 goblin zombies (Ossuary)
  2 hobgoblin zombies (Ossuary)
  15 kobolds
  A kobold zombie (Ossuary)
  An orc zombie (Ossuary)
  2 rats
212 creatures vanquished.

Vanquished Creatures (others)
  A human (D:8)
1 creature vanquished.

Grand Total: 213 creatures vanquished

Notes
Turn   | Place    | Note
-------+----------+-------------------------------------------
     0 | D:1      | quixfox the Hill Orc Fighter began the quest for the Orb.
     0 | D:1      | Reached XP level 1. HP: 19/19 MP: 1/1
    85 | D:1      | Reached skill level 3 in Axes
    86 | D:1      | Reached XP level 2. HP: 22/27 MP: 2/2
   238 | D:1      | Found a faded altar of an unknown god.
   811 | D:2      | Reached XP level 3. HP: 33/33 MP: 3/3
  1199 | D:2      | Reached skill level 4 in Axes
  1369 | D:2      | Reached XP level 4. HP: 29/40 MP: 4/4
  1994 | D:3      | Reached XP level 5. HP: 47/47 MP: 5/5
  2245 | D:3      | Reached skill level 5 in Axes
  2495 | D:3      | Reached XP level 6. HP: 53/53 MP: 6/6
  2763 | D:4      | Noticed Duvessa
  2767 | D:4      | Noticed Dowan
  2770 | D:4      | Killed Duvessa
  2771 | D:4      | Reached skill level 5 in Fighting
  2771 | D:4      | Reached skill level 6 in Axes
  2774 | D:4      | Killed Dowan
  2775 | D:4      | Reached XP level 7. HP: 21/61 MP: 7/7
  3327 | D:5      | Entered Level 5 of the Dungeon
  3519 | D:5      | Reached skill level 5 in Shields
  3568 | D:5      | Reached skill level 7 in Axes
  3568 | D:5      | Reached skill level 5 in Armour
  3807 | D:5      | Reached XP level 8. HP: 60/70 MP: 8/8
  3836 | D:5      | Reached skill level 8 in Axes
  3936 | D:5      | Found a snail-covered altar of Cheibriados.
  4641 | D:6      | Found a blossoming altar of Fedhas.
  4674 | D:6      | Reached skill level 9 in Axes
  4796 | D:6      | Found a burning altar of Makhleb.
  5218 | D:7      | Reached XP level 9. HP: 79/79 MP: 9/9
  5224 | D:7      | Reached skill level 10 in Axes
  5548 | D:7      | Found a staircase to the Ecumenical Temple.
  5558 | D:7      | Found a broken altar of Ashenzari.
  5564 | Temple   | Entered the Ecumenical Temple
  5586 | Temple   | Became a worshipper of Warmaster Okawaru
  5758 | D:7      | Reached skill level 11 in Axes
  5915 | D:7      | Found an opulent altar of Gozag.
  6162 | D:8      | Found Roasteix's Book Shoppe.
  6182 | D:8      | Reached * piety under Okawaru
  6256 | D:8      | Noticed a hornet
  6265 | D:8      | Killed a hornet
  6302 | D:8      | Found a sand-covered staircase.
  6309 | Ossuary  | Entered an ossuary
  6445 | Ossuary  | Reached skill level 12 in Axes
  6553 | Ossuary  | Reached XP level 10. HP: 85/90 MP: 10/10
  6625 | Ossuary  | Reached ** piety under Okawaru
  6792 | D:8      | Found a glowing silver altar of Zin.
  6794 | D:8      | Found a white marble altar of Elyvilon.
  6813 | D:8      | Found a radiant altar of Vehumet.
  6817 | D:8      | Found a hazy altar of Hepliaklqana.
  6871 | D:8      | Found Ducihafuhe's Assorted Antiques.
  6873 | D:8      | Found Biru Nusk's Magic Scroll Emporium.
  6881 | D:8      | Bought a scroll of enchant armour for 75 gold pieces
  6885 | D:8      | Bought a pair of glowing gloves for 232 gold pieces
  6922 | D:8      | Found an ancient bone altar of Kikubaaqudgha.
  6966 | D:8      | Noticed Grum
  6972 | D:8      | Killed Grum
  7053 | D:8      | Found Ythab's Antique Weapon Boutique.
  7152 | D:8      | Found a sacrificial altar of Ru.
  7242 | D:9      | Reached skill level 13 in Axes
  7242 | D:9      | Reached skill level 1 in Invocations
  7913 | D:9      | Reached *** piety under Okawaru
  8554 | D:10     | Entered Level 10 of the Dungeon
  8699 | D:10     | HP: 1/91 [vampire/vampiric draining (11)]
  8704 | D:10     | HP: 3/91 [vampire/vampiric draining (8)]
  8704 | D:10     | Killed from afar by a vampire

Illustrated notes

Levels and vault maps discovered:
D:1:      psy_arrival_dodecagon, layout_basic,
          dreamdust_ecumenical_altar_hidden_monk_grotto
D:2:      layout_basic, kennysheep_generic_room_9
D:3:      layout_loops_cross, columned_hall_lemuel
D:4:      layout_loops_ring, uniq_duvessa
D:5:      minmay_chambers_of_fours, layout_layer_cave,
          mainiacjoe_overflow_tiny_flanked
D:6:      minmay_spotlight, layout_rooms, lemuel_doored_altar,
          mainiacjoe_overflow_24_doors, minmay_misc_feat_chi
D:7:      layout_cave_pods, old_standard_altar, overflow_temple_1_default,
          minmay_temple_entry_statues_pillars
D:8:      layout_basic, tgw_kikubaaqudgha, minmay_overflow_temple_star_hex,
          serial_shops, shop, nicolae_shop_advertising_works
          [nicolae_subvault_shop_adworks], nicolae_shop_waterfront, shop,
          chequers_ossuary_entry_cave, kennysheep_nub, uniq_grum
D:9:      layout_loops_ring
D:10:     layout_long_grid, kennysheep_little_box, nemelex_diamond_rough_becter,
          mainiacjoe_overflow_concentric_impassable, special_room
          [special_room_orc], enter_bailey_2, serial_shops,
          nicolae_shop_behind_doors
Temple:   hellmonk_temple_two_chambers

Skill      XL: |  1  2  3  4  5  6  7  8  9 10 |
---------------+-------------------------------+-----
Axes           | 3 4 5 6 7 9 12 13 | 13.6
Fighting       | 4 5 6 7 8 9 |  9.5
Shields        | 4 5 6 |  6.0
Armour         | 4 5 6 7 8 |  8.7
Invocations    | 3 |  3.0

Action                   |  1- 3 |  4- 6 |  7- 9 | 10-12 || total
-------------------------+-------+-------+-------+-------++-------
Melee: War axe           |   107 |   123 |   314 |   169 ||   713
 Fire: Sling             |       |       |     7 |     3 ||    10
Throw: Javelin           |       |     3 |    11 |    12 ||    26
  Use: Potion            |       |     1 |     1 |     2 ||     4
       Scroll            |       |       |    20 |     1 ||    21
Armor: Scale mail        |    62 |    14 |       |       ||    76
       Plate armour      |       |    82 |   174 |   107 ||   363
Dodge: Dodged            |    69 |    53 |    73 |    35 ||   230
Block: Buckler           |    27 |    27 |    81 |    75 ||   210
       Reflection        |       |       |       |     3 ||     3

Table legend: (Time is in decaauts)
 A = Elapsed time spent in this place.
 B = Non-inter-level travel time spent in this place.
 C = Inter-level travel time spent in this place.
 D = Time resting spent in this place.
 E = Time spent auto-exploring this place.
 F = Levels seen in this place.
 G = Mean time per level.
                   A        B        C        D        E       F      G
               +--------+--------+--------+--------+--------+-----+--------+
         Total |   8835 |   8585 |    250 |    545 |   5848 |  12 |  736.2 |
       Dungeon |   8401 |   8151 |    250 |    515 |   5817 |  10 |  840.1 |
        Temple |     30 |     30 |      0 |      0 |     11 |   1 |   30.0 |
       Ossuary |    403 |    403 |      0 |     30 |     20 |   1 |  403.0 |
               +--------+--------+--------+--------+--------+-----+--------+

Top non-repeatable levels by time:
     D:9: 1337 daAuts
     D:5: 1273 daAuts
     D:2: 1114 daAuts
     D:7: 998 daAuts
     D:1: 819 daAuts
     D:4: 776 daAuts
     D:3: 707 daAuts
     D:8: 666 daAuts
     D:6: 549 daAuts
 Ossuary: 403 daAuts
    D:10: 157 daAuts
  Temple: 30 daAuts
